 Dungeon Crawl Stone Soup version 0.17.1-3-g152610e (webtiles) character file.

4862 kaze the Blocker (level 10, -8/76 HPs)
             Began as a Demonspawn Fighter on Mar 28, 2016.
             Was a Believer of Qazlal.
             Mangled by a death yak (18 damage)
             ... on level 9 of the Dungeon on Mar 29, 2016.
             The game lasted 00:23:30 (8290 turns).

kaze the Blocker (Demonspawn Fighter)               Turns: 8290, Time: 00:23:30

Health: -8/76      AC: 17    Str: 20    XL:     10   Next: 26%
Magic:  0/11       EV:  6    Int:  9    God:    Qazlal [**....]
Gold:   594        SH: 15    Dex: 13    Spells: 0 memorised, 9 levels left

rFire  + + .     SeeInvis .     C - +3 falchion "Qerghod" {flame, +Inv}
rCold  . . .     Clarity  .     E - +0 plate armour
rNeg   . . .     SustAt   +     c - +1 shield
rPois  .         Gourm    .     (helmet restricted)
rElec  .         Spirit   +     (no cloak)
rCorr  .         Warding  .     (no gloves)
rMut   .         Stasis   .     (no boots)
MR     .....                    (no amulet)
Stlth  ..........               l - ring of fire
                                r - ring of sustain attributes

@: not resistant to hostile enchantments, extremely unstealthy
A: antennae 1, molten scales 3, cold resistance 1, spit poison 1, augmentation
1, magic shield
a: Spit Poison, Upheaval, Renounce Religion, Evoke Invisibility


You were on level 9 of the Dungeon.
You worshipped Qazlal.
Qazlal was pleased with you.
You were not hungry.

You visited 1 branch of the dungeon, and saw 9 of its levels.

You collected 594 gold pieces.

Inventory:

Hand Weapons
 a - a +1 war axe
 C - the +3 falchion "Qerghod" (weapon) {flame, +Inv}
   (You found it on level 5 of the Dungeon)

   It has been specially enchanted to burn those struck by it, causing extra
   injury to most foes and up to half again as much damage against particularly
   susceptible opponents.
   Big, fiery blades are also staple armaments of hydra-hunters.
   It lets you turn invisible.
Missiles
 s - 4 tomahawks (quivered)
Armour
 c - a +1 shield (worn)
 E - a +0 plate armour (worn)
Jewellery
 l - a ring of fire (right hand)
 n - an uncursed ring of teleportation
 r - a ring of sustain attributes (left hand)
Wands
 b - a wand of frost (12)
 t - a wand of polymorph (18)
 u - a wand of random effects (26)
 v - a wand of polymorph (11)
 H - a wand of disintegration (9)
Scrolls
 d - 3 scrolls of enchant weapon
 h - 4 scrolls of identify
 j - 7 scrolls of remove curse
 k - 5 scrolls of blinking
 o - 2 scrolls of magic mapping
 p - a scroll of fear
 w - 3 scrolls of recharging
 x - a scroll of immolation
 z - 5 scrolls of teleportation
 D - 2 scrolls of amnesia
 I - a scroll of enchant armour
Potions
 g - a potion of brilliance {unknown}
 m - 3 potions of resistance
 q - a potion of magic
Books
 A - a book of the Sky

   Spells                             Type                      Level
   a - Summon Lightning Spire         Summoning/Air                4
   b - Airstrike                      Air                          4
   c - Silence                        Hexes/Air                    5
   d - Deflect Missiles               Charms/Air                   6
   e - Conjure Ball Lightning         Conjuration/Air              6
   f - Tornado                        Air                          9
Comestibles
 e - 3 bread rations
 f - 4 meat rations
 i - 3 slices of pizza
 F - a beef jerky


   Skills:
 + Level 5.8 Fighting
 + Level 4.8 Long Blades
 + Level 4.1 Axes
 + Level 6.8 Armour
 + Level 4.8 Dodging
 + Level 1.2 Stealth
 + Level 8.4 Shields
 + Level 2.0 Invocations


You had 9 spell levels left.
You didn't know any spells.

Dungeon Overview and Level Annotations

Branches:
Dungeon (9/15)             Temple (0/1) D:4            Lair (0/8) D:9
    Orc (0/4) D:9

Altars:
Elyvilon
Makhleb
Qazlal
Sif Muna

Shops:
D:5 }


Innate Abilities, Weirdness & Mutations

You have a pair of small antennae on your head.
You are completely covered in molten scales (AC +4, EV -1, rF+).
Your flesh is cold resistant.
Your magical and physical power is slightly enhanced at high health.
When hurt, damage is shared between your health and your magic reserves.
You can spit weak poison.


Message History

The death yak gores you!
You hit the death yak. You burn the death yak.
The death yak is severely wounded.
The death yak barely misses you.
You hit the death yak. You burn the death yak.
The death yak is almost dead.
The death yak gores you!
* * * LOW HITPOINT WARNING * * *
You are too injured to fight recklessly!
Drink which item? (? for menu, Esc to quit)
Okay, then.
Your plate armour prevents you from hitting the death yak.
The death yak is almost dead.
The death yak gores you!
* * * LOW HITPOINT WARNING * * *
You slash the death yak! You burn the death yak.
The death yak is almost dead.
The death yak gores you but does no damage.
The death yak gores you!!
You die...

##.##.#.##.##.#
.#'#..#..#'#..#.
......'...รท)..#.
.8.8.###..8..##.
#...## ##...##.#
##### #...##.# #
##..##.# #
##)##.#########
.. #..#..@Y.....#
##
##...###.###..#
.. ##.###...## ..
#..##.....## ..
....#....P..# .
###..#.P.....#
#............#
.............#
##.....>.....#


You could see a death yak.

Vanquished Creatures
  Erica (D:8)
  Joseph (D:8)
  Psyche (D:8)
  Sigmund (D:3)
  Eustachio (D:4)
  3 sky beasts
  A water moccasin (D:7)
  A warg (D:9)
  2 orc warriors (D:9)
  A black bear (D:6)
  An ice beast (D:5)
  A necrophage (D:8)
  2 crocodiles
  2 ogres
  A centaur (D:5)
  5 giant frogs
  A scorpion (D:8)
  A wyvern skeleton (D:8)
  5 killer bees (D:9)
  2 crimson imps
  A giant frog zombie (D:6)
  9 hounds
  6 orc priests
  A gnoll shaman (D:5)
  7 orc wizards
  A giant frog skeleton (D:5)
  Jessica (D:7)
  2 iguanas
  3 worker ants
  A hound skeleton (D:9)
  A hound zombie (D:7)
  13 gnolls
  5 adders
  A worker ant zombie (D:6)
  2 shadow imps (D:6)
  2 oozes
  An adder zombie (D:8)
  2 worms
  3 giant geckos
  31 orcs
  2 ball pythons
  9 giant cockroaches
  8 goblins
  11 hobgoblins
  4 jackals (D:2)
  8 bats
  A giant cockroach zombie (D:5)
  3 giant newts
  A jackal zombie (D:8)
  2 kobolds
  5 quokkas
  A quokka skeleton (D:6)
  A quokka zombie (D:7)
  6 rats
189 creatures vanquished.

Notes
Turn   | Place    | Note
--------------------------------------------------------------
     0 | D:1      | kaze the Demonspawn Fighter began the quest for the Orb.
     0 | D:1      | Reached XP level 1. HP: 18/18 MP: 1/1
   154 | D:1      | Gained mutation: When hurt, damage is shared between your health and your magic reserves. [demonic ancestry]
   154 | D:1      | Reached XP level 2. HP: 22/24 MP: 2/2
  1042 | D:2      | Gained mutation: You are partially covered in molten scales (AC +1). [demonic ancestry]
  1042 | D:2      | Reached XP level 3. HP: 27/29 MP: 3/3
  1068 | D:2      | Reached skill level 1 in Dodging
  1306 | D:2      | Gained mutation: You are mostly covered in molten scales (AC +3, EV -1). [demonic ancestry]
  1306 | D:2      | Reached XP level 4. HP: 20/35 MP: 4/4
  1686 | D:3      | Noticed Sigmund
  1695 | D:3      | Killed Sigmund
  1695 | D:3      | Reached skill level 4 in Shields
  1695 | D:3      | Gained mutation: You are completely covered in molten scales (AC +4, EV -1, rF+). [demonic ancestry]
  1695 | D:3      | Reached XP level 5. HP: 39/42 MP: 5/5
  1973 | D:3      | Reached XP level 6. HP: 34/48 MP: 6/6
  1986 | D:3      | Found a faded altar to an unknown god.
  1997 | D:3      | Became a worshipper of Qazlal Stormbringer
  1997 | D:3      | Reached * piety under Qazlal
  2257 | D:4      | Noticed Eustachio
  2284 | D:4      | Killed Eustachio
  2690 | D:4      | Gained mutation: You have a pair of small antennae on your head. [demonic ancestry]
  2690 | D:4      | Reached XP level 7. HP: 48/54 MP: 4/7
  2694 | D:4      | Gained mutation: You can spit weak poison. [mutagenic meat]
  2844 | D:4      | Found a staircase to the Ecumenical Temple.
  3116 | D:5      | Entered Level 5 of the Dungeon
  3225 | D:5      | Reached skill level 5 in Shields
  3523 | D:5      | Got a translucent falchion
  3524 | D:5      | Identified the +3 falchion "Qerghod" {flame, +Inv} (You found it on level 5 of the Dungeon)
  3723 | D:5      | Gained mutation: Your flesh is cold resistant. [demonic ancestry]
  3723 | D:5      | Reached XP level 8. HP: 51/61 MP: 8/8
  3901 | D:5      | Found Xiacyamm's Gadget Shoppe.
  3916 | D:5      | Reached ** piety under Qazlal
  3917 | D:5      | Reached skill level 1 in Long Blades
  4366 | D:6      | Reached skill level 6 in Shields
  4602 | D:6      | Reached skill level 5 in Armour
  5558 | D:7      | Found a white marble altar of Elyvilon.
  5626 | D:7      | Reached skill level 5 in Fighting
  5773 | D:7      | Gained mutation: Your magical and physical power is slightly enhanced at high health. [demonic ancestry]
  5773 | D:7      | Reached XP level 9. HP: 52/68 MP: 6/9
  6079 | D:7      | Found a deep blue altar of Sif Muna.
  6079 | D:7      | Noticed Jessica
  6082 | D:7      | Killed Jessica
  6241 | D:8      | Noticed Joseph
  6251 | D:8      | Killed Joseph
  6251 | D:8      | Reached skill level 7 in Shields
  6251 | D:8      | Reached skill level 1 in Invocations
  6408 | D:8      | Noticed Psyche
  6417 | D:8      | Killed Psyche
  6496 | D:8      | Reached skill level 1 in Stealth
  6644 | D:8      | Found a burning altar of Makhleb.
  6644 | D:8      | Noticed a blizzard demon
  6927 | D:8      | Noticed Erica
  6943 | D:8      | Killed Erica
  6948 | D:8      | Reached XP level 10. HP: 29/76 MP: 1/11
  7683 | D:9      | Reached skill level 8 in Shields
  7764 | D:9      | Found a staircase to the Orcish Mines.
  8003 | D:9      | Reached *** piety under Qazlal
  8259 | D:9      | Found a staircase to the Lair.
  8264 | D:9      | Noticed a death yak
  8290 | D:9      | Mangled by a death yak

Action                   |  1- 3 |  4- 6 |  7- 9 | 10-12 || total
-------------------------+-------+-------+-------+-------++-------
Melee: War axe           |   101 |   126 |    72 |       ||   299
       Unarmed           |       |     4 |       |       ||     4
       Falchion          |       |       |   325 |   108 ||   433
Invok: Upheaval          |       |       |     4 |     2 ||     6
  Use: Scroll            |     3 |     6 |     5 |     2 ||    16
       Potion            |     2 |       |    10 |     2 ||    14
  Eat: Chunk             |     2 |     3 |     3 |     1 ||     9
       Fruit             |       |       |     2 |     2 ||     4
       Beef jerky        |       |       |     2 |       ||     2
       Bread ration      |       |       |     2 |       ||     2
       Royal jelly       |       |       |       |     1 ||     1
